TOP OF THE 1ST |
District 9 Prawns batting - Pitching for Gresham Gold Souls : RHP Jamal Clayton
|
Pitching: RHP Jamal Clayton
|
|
Batting: SHB José Estreito
|
0-0: Called Strike 0-1: Foul Ball, location: 2F 0-2: Ball 1-2: Ball 2-2: Foul Ball, location: 2F 2-2: Ground out 4-3 (Groundball, 4)
|
Batting: RHB José Colón
|
0-0: Ball 1-0: Called Strike 1-1: Ball 2-1: Ground out 5-3 (Groundball, 5)
|
Batting: LHB Leonard Young
|
0-0: Foul Ball, location: 2F 0-1: Foul Ball, location: 2F 0-2: Foul Ball, location: 2F 0-2: Foul Ball, location: 2F 0-2: Foul Ball, location: 2F 0-2: Foul Ball, location: 2F 0-2: Ball 1-2: Strikes out looking
|
Top of the 1st over - 0 run(s), 0 hit(s), 0 error(s), 0 left on base; District 9 0 - Gresham 0 |
BOTTOM OF THE 1ST |
Gresham Gold Souls batting - Pitching for District 9 Prawns : LHP Pedro Valdés
|
Pitching: LHP Pedro Valdés
|
|
Batting: LHB Nick Scott
|
0-0: Ball 1-0: Foul Ball, location: 2F 1-1: Ball 2-1: Ball 3-1: Foul Ball, location: 2F 3-2: Strikes out swinging
|
Batting: RHB David Kerr
|
0-0: Ball 1-0: Called Strike 1-1: Ball 2-1: SINGLE (Groundball, 56S) (infield hit)
|
Batting: RHB Mario Méndez
|
0-0: Fly out, F7 (Flyball, 7S)
|
Batting: LHB Chance Santry
|
0-0: Ball 1-0: Foul Ball, location: 2F 1-1: Called Strike 1-2: DOUBLE (Line Drive, 9LM) David Kerr to third Runner from 3rd tries for Home, SAFE, no throw
|
Batting: SHB Todd Smith
|
0-0: Ball 1-0: Ground out 5-3 (Groundball, 5)
|
Bottom of the 1st over - 1 run(s), 2 hit(s), 0 error(s), 1 left on base; District 9 0 - Gresham 1 |
TOP OF THE 2ND |
District 9 Prawns batting - Pitching for Gresham Gold Souls : RHP Jamal Clayton
|
Batting: RHB Jesús Cruz
|
0-0: Ball 1-0: Foul Ball, location: 2F 1-1: Foul Ball, location: 2F 1-2: Ball 2-2: Foul Ball, location: 2F 2-2: Strikes out swinging
|
Batting: RHB Reynold Akker
|
0-0: Called Strike 0-1: Fly out, F9 (Line Drive, 9S)
|
Batting: RHB Doug O'Brien
|
0-0: Ball 1-0: Ball 2-0: Foul Ball, location: 2F 2-1: Ball 3-1: Called Strike 3-2: SOLO HOME RUN (Line Drive, 7LD), Distance : 375 ft
|
Batting: RHB Carlos Flores
|
0-0: Ball 1-0: Foul Ball, location: 2F 1-1: Foul Ball, location: 2F 1-2: Strikes out swinging
|
Top of the 2nd over - 1 run(s), 1 hit(s), 0 error(s), 0 left on base; District 9 1 - Gresham 1 |
BOTTOM OF THE 2ND |
Gresham Gold Souls batting - Pitching for District 9 Prawns : LHP Pedro Valdés
|
Batting: LHB Millard Dye
|
0-0: Called Strike 0-1: Swinging Strike 0-2: Ball 1-2: Strikes out looking
|
Batting: RHB Matt Davidson
|
0-0: Called Strike 0-1: Swinging Strike 0-2: Ball 1-2: Ball 2-2: Ground out 4-3 (Groundball, 4MS)
|
Batting: SHB Jesús Sosa
|
0-0: Swinging Strike 0-1: Foul Ball, location: 2F 0-2: Ball 1-2: Fly out, F8 (Flyball, 8RM)
|
Bottom of the 2nd over - 0 run(s), 0 hit(s), 0 error(s), 0 left on base; District 9 1 - Gresham 1 |
TOP OF THE 3RD |
District 9 Prawns batting - Pitching for Gresham Gold Souls : RHP Jamal Clayton
|
Batting: LHB Culley Vaughan
|
0-0: DOUBLE (Line Drive, 9LM)
|
Batting: RHB Phil Jacobs
|
0-0: Ball 1-0: Called Strike 1-1: Called Strike 1-2: Strikes out swinging
|
Batting: SHB José Estreito
|
0-0: Ball 1-0: Foul Ball, location: 2F 1-1: Ball 2-1: SINGLE (Groundball, 34D) Culley Vaughan to third
|
Batting: RHB José Colón
|
0-0: Called Strike José Estreito steals 2nd base 0-1: Called Strike 0-2: Ball 1-2: Ball 2-2: Ground out 6-3 (Groundball, 6) Culley Vaughan scores José Estreito to third
|
Batting: LHB Leonard Young
|
0-0: Called Strike 0-1: SINGLE (Flyball, 89S) José Estreito scores
|
Batting: RHB Jesús Cruz
|
0-0: Ball 1-0: Foul Ball, location: 2F 1-1: 2-RUN HOME RUN (Flyball, 89XD), Distance : 417 ft
|
Batting: RHB Reynold Akker
|
0-0: Swinging Strike 0-1: Ground out 6-3 (Groundball, 6D)
|
Top of the 3rd over - 4 run(s), 4 hit(s), 0 error(s), 0 left on base; District 9 5 - Gresham 1 |
BOTTOM OF THE 3RD |
Gresham Gold Souls batting - Pitching for District 9 Prawns : LHP Pedro Valdés
|
Batting: SHB Sean Carr
|
0-0: Ball 1-0: Ball 2-0: Called Strike 2-1: DOUBLE (Line Drive, 89M)
|
Batting: LHB Nick Scott
|
0-0: Ball 1-0: Fly out, F2 (Popup, 15)
|
Batting: RHB David Kerr
|
0-0: Ground out 5-3 (Groundball, 5L)
|
Batting: RHB Mario Méndez
|
0-0: Ground out 6-3 (Groundball, 6)
|
Bottom of the 3rd over - 0 run(s), 1 hit(s), 0 error(s), 1 left on base; District 9 5 - Gresham 1 |
TOP OF THE 4TH |
District 9 Prawns batting - Pitching for Gresham Gold Souls : RHP Jamal Clayton
|
Batting: RHB Doug O'Brien
|
0-0: Ball 1-0: DOUBLE (Line Drive, 7LM)
|
Batting: RHB Carlos Flores
|
0-0: Ball 1-0: Called Strike 1-1: Ball 2-1: Foul Ball, location: 2F 2-2: Strikes out looking
|
Batting: LHB Culley Vaughan
|
0-0: Called Strike 0-1: Foul Ball, location: 2F 0-2: Ball 1-2: Ground out 4-3 (Groundball, 4D) Doug O'Brien to third
|
Batting: RHB Phil Jacobs
|
0-0: Called Strike 0-1: Swinging Strike 0-2: Foul Ball, location: 2F 0-2: Ball 1-2: Ball 2-2: Ball 3-2: Foul Ball, location: 2F 3-2: SINGLE (Line Drive, 4M) Doug O'Brien scores
|
Pitching: RHP Jeff Hansen
|
|
Batting: SHB José Estreito
|
0-0: Called Strike 0-1: Ball 1-1: Foul Ball, location: 2F 1-2: Foul Ball, location: 2F 1-2: Fly out, F8 (Flyball, 8LD)
|
Top of the 4th over - 1 run(s), 2 hit(s), 0 error(s), 1 left on base; District 9 6 - Gresham 1 |
BOTTOM OF THE 4TH |
Gresham Gold Souls batting - Pitching for District 9 Prawns : LHP Pedro Valdés
|
Batting: LHB Chance Santry
|
0-0: Foul Ball, location: 2F 0-1: Ball 1-1: Ground out U3 (Groundball, 23)
|
Batting: SHB Todd Smith
|
0-0: Ball 1-0: Swinging Strike 1-1: Ball 2-1: Ground out 6-3 (Groundball, 6)
|
Batting: LHB Millard Dye
|
0-0: Called Strike 0-1: Called Strike 0-2: Strikes out swinging
|
Bottom of the 4th over - 0 run(s), 0 hit(s), 0 error(s), 0 left on base; District 9 6 - Gresham 1 |
TOP OF THE 5TH |
District 9 Prawns batting - Pitching for Gresham Gold Souls : RHP Jeff Hansen
|
Batting: RHB José Colón
|
0-0: Ball 1-0: Ball 2-0: Fly out, F8 (Line Drive, 78D)
|
Batting: LHB Leonard Young
|
0-0: DOUBLE (Flyball, 9D)
|
Batting: RHB Jesús Cruz
|
0-0: Called Strike 0-1: Swinging Strike 0-2: Foul Ball, location: 2F 0-2: Foul Ball, location: 2F 0-2: Ball 1-2: Ball 2-2: SINGLE (Line Drive, 6) Leonard Young to third
|
Batting: RHB Reynold Akker
|
0-0: Swinging Strike 0-1: Ball 1-1: Ball 2-1: Ball 3-1: Swinging Strike 3-2: Grounds into double play, 6-4-3 (Groundball, 6)
|
Top of the 5th over - 0 run(s), 2 hit(s), 0 error(s), 1 left on base; District 9 6 - Gresham 1 |
BOTTOM OF THE 5TH |
Gresham Gold Souls batting - Pitching for District 9 Prawns : LHP Pedro Valdés
|
Batting: RHB Matt Davidson
|
0-0: Called Strike 0-1: Ball 1-1: Foul Ball, location: 2F 1-2: Ball 2-2: Strikes out swinging
|
Batting: SHB Jesús Sosa
|
0-0: Called Strike 0-1: Ball 1-1: Called Strike 1-2: Ball 2-2: Ball 3-2: Foul Ball, location: 2F 3-2: SINGLE (Groundball, 34D)
|
Batting: SHB Sean Carr
|
0-0: Ball 1-0: Foul Ball, location: 2F 1-1: Foul Ball, location: 2F 1-2: Fly out, F8 (Flyball, 8RS)
|
Now in CF: Leonard Harvey
|
|
Batting: LHB Nick Scott
|
0-0: Fielders Choice at 2nd, 4-6 (Groundball, 4)
|
Bottom of the 5th over - 0 run(s), 1 hit(s), 0 error(s), 0 left on base; District 9 6 - Gresham 1 |
TOP OF THE 6TH |
District 9 Prawns batting - Pitching for Gresham Gold Souls : RHP Jeff Hansen
|
Batting: RHB Doug O'Brien
|
0-0: DOUBLE (Line Drive, 7LD)
|
Batting: RHB Carlos Flores
|
0-0: Ball 1-0: Foul Ball, location: 2F 1-1: SINGLE (Line Drive, 78S) Doug O'Brien to third
|
Batting: LHB Leonard Harvey
|
0-0: Called Strike 0-1: Ball 1-1: Foul Ball, location: 2F 1-2: Grounds into double play, 6-4-3 (Groundball, 6) Doug O'Brien scores
|
Batting: RHB Phil Jacobs
|
0-0: Swinging Strike 0-1: Called Strike 0-2: Strikes out swinging
|
Top of the 6th over - 1 run(s), 2 hit(s), 0 error(s), 0 left on base; District 9 7 - Gresham 1 |
BOTTOM OF THE 6TH |
Gresham Gold Souls batting - Pitching for District 9 Prawns : LHP Pedro Valdés
|
Batting: RHB David Kerr
|
0-0: Ground out 6-3 (Groundball, 6)
|
Batting: RHB Mario Méndez
|
0-0: Foul Ball, location: 2F 0-1: Foul Ball, location: 2F 0-2: Ball 1-2: Ball 2-2: Foul Ball, location: 2F 2-2: Ball 3-2: Foul Ball, location: 2F 3-2: Strikes out looking
|
Batting: LHB Chance Santry
|
0-0: Ball 1-0: Ground out 1-3 (Groundball, 13S)
|
Bottom of the 6th over - 0 run(s), 0 hit(s), 0 error(s), 0 left on base; District 9 7 - Gresham 1 |
TOP OF THE 7TH |
District 9 Prawns batting - Pitching for Gresham Gold Souls : RHP Jeff Hansen
|
Batting: SHB José Estreito
|
0-0: Ball 1-0: Ball 2-0: Ball 3-0: Base on Balls
|
Batting: RHB José Colón
|
0-0: Ball 1-0: Called Strike 1-1: Ball 2-1: Foul Ball, location: 2F 2-2: Ball 3-2: Foul Ball, location: 2F 3-2: Base on Balls José Estreito to second
|
Batting: LHB Leonard Young
|
0-0: Called Strike 0-1: Foul Ball, location: 2F 0-2: Ball 1-2: Strikes out swinging
|
Batting: RHB Jesús Cruz
|
0-0: Fly out, F9 (Flyball, 9LMF)
|
Batting: RHB Reynold Akker
|
0-0: Called Strike 0-1: Foul Ball, location: 2F 0-2: Fielders Choice at 2nd, 6-4 (Groundball, 6)
|
Top of the 7th over - 0 run(s), 0 hit(s), 0 error(s), 1 left on base; District 9 7 - Gresham 1 |
BOTTOM OF THE 7TH |
Gresham Gold Souls batting - Pitching for District 9 Prawns : LHP Pedro Valdés
|
Batting: SHB Todd Smith
|
0-0: SINGLE (Groundball, 56D)
|
Batting: LHB Millard Dye
|
0-0: Ball 1-0: Foul Ball, location: 2F 1-1: SINGLE (Groundball, 3D) Todd Smith to second Runner from 2nd tries for 3rd, SAFE, throw made to third
|
Batting: RHB Matt Davidson
|
0-0: Ball 1-0: Ball 2-0: Foul Ball, location: 2F 2-1: Ball 3-1: Base on Balls Millard Dye to second
|
Batting: SHB Jesús Sosa
|
0-0: Called Strike 0-1: Ball 1-1: Foul Ball, location: 2F 1-2: Ball Wild Pitch! Todd Smith scores Millard Dye to third Matt Davidson to second 2-2: Ball 3-2: Strikes out swinging
|
Batting: SHB Sean Carr
|
0-0: Ball 1-0: Called Strike 1-1: Fly out, F8 (Flyball, 8RS)
|
Batting: LHB Nick Scott
|
0-0: Ball 1-0: Ball 2-0: Ball Wild Pitch! Millard Dye scores Matt Davidson to third 3-0: Called Strike 3-1: Called Strike 3-2: Base on Balls
|
Pitching: LHP Ricardo Vega
|
|
Batting: RHB David Kerr
|
0-0: Reached on error, E6 (Groundball, 6S) Matt Davidson scores Nick Scott to second
|
Batting: RHB Mario Méndez
|
0-0: Fly out, F5 (Line Drive, 5)
|
Bottom of the 7th over - 3 run(s), 2 hit(s), 1 error(s), 2 left on base; District 9 7 - Gresham 4 |
TOP OF THE 8TH |
District 9 Prawns batting - Pitching for Gresham Gold Souls : RHP Jeff Hansen
|
Batting: RHB Doug O'Brien
|
0-0: Called Strike 0-1: Foul Ball, location: 2F 0-2: Ball 1-2: Strikes out swinging
|
Pitching: RHP Robbie O'Neil
|
|
Batting: RHB Carlos Flores
|
0-0: SINGLE (Groundball, 4MD)
|
Batting: LHB Leonard Harvey
|
0-0: Called Strike 0-1: Foul Ball, location: 2F 0-2: Strikes out swinging
|
Batting: RHB Phil Jacobs
|
0-0: Called Strike 0-1: Called Strike 0-2: Strikes out swinging
|
Top of the 8th over - 0 run(s), 1 hit(s), 0 error(s), 1 left on base; District 9 7 - Gresham 4 |
BOTTOM OF THE 8TH |
Gresham Gold Souls batting - Pitching for District 9 Prawns : LHP Ricardo Vega
|
Batting: LHB Chance Santry
|
0-0: Ball 1-0: Called Strike 1-1: Foul Ball, location: 2F 1-2: DOUBLE (Flyball, 7D) - OUT at third base trying to stretch hit.
|
Batting: SHB Todd Smith
|
0-0: Called Strike 0-1: Foul Ball, location: 2F 0-2: Ball 1-2: Foul Ball, location: 2F 1-2: Ball 2-2: SINGLE (Line Drive, 78S)
|
Batting: LHB Millard Dye
|
0-0: Ball 1-0: Called Strike 1-1: Called Strike 1-2: Ball 2-2: Ball 3-2: Fly out, F7 (Flyball, 7)
|
Pitching: RHP José Huerta
|
|
Batting: RHB Matt Davidson
|
0-0: Ball 1-0: Ball 2-0: Called Strike 2-1: Called Strike 2-2: Fielders Choice at 2nd, 5-4 (Groundball, 56)
|
Bottom of the 8th over - 0 run(s), 2 hit(s), 0 error(s), 0 left on base; District 9 7 - Gresham 4 |
TOP OF THE 9TH |
District 9 Prawns batting - Pitching for Gresham Gold Souls : RHP Robbie O'Neil
|
Batting: SHB José Estreito
|
0-0: Called Strike 0-1: Bunt - Flyout! F2
|
Batting: RHB José Colón
|
0-0: Called Strike 0-1: Foul Ball, location: 2F 0-2: Foul Ball, location: 2F 0-2: Ground out 5-3 (Groundball, 5)
|
Batting: LHB Leonard Young
|
0-0: Ball 1-0: Foul Ball, location: 2F 1-1: Ball 2-1: SINGLE (Flyball, 6MD)
|
Batting: RHB Jesús Cruz
|
0-0: Ball 1-0: Ball 2-0: Swinging Strike 2-1: Called Strike 2-2: Strikes out looking
|
Top of the 9th over - 0 run(s), 1 hit(s), 0 error(s), 1 left on base; District 9 7 - Gresham 4 |
BOTTOM OF THE 9TH |
Gresham Gold Souls batting - Pitching for District 9 Prawns : RHP José Huerta
|
Pitching: RHP Ignacio Morales
|
|
Batting: SHB Jesús Sosa
|
0-0: Called Strike 0-1: Swinging Strike 0-2: Foul Ball, location: 2F 0-2: Strikes out looking
|
Batting: SHB Sean Carr
|
0-0: Ground out 4-3 (Groundball, 4)
|
Batting: LHB Nick Scott
|
0-0: Called Strike 0-1: Ball 1-1: Called Strike 1-2: Foul Ball, location: 2F 1-2: Ball 2-2: Ball 3-2: Foul Ball, location: 2F 3-2: Fly out, F8 (Flyball, 8RM)
|
Bottom of the 9th over - 0 run(s), 0 hit(s), 0 error(s), 0 left on base; District 9 7 - Gresham 4 |
|